[Event "Early-Titled-Tuesday-Blitz-May-28-2024"]
[Site "Chess.com"]
[Date "2024.05.28"]
[Round "2"]
[White "lefonghua"]
[Black "youngKID"]
[Result "0-1"]
[WhiteElo "2583"]
[BlackElo "2867"]
[TimeControl "180+1"]
[EndTime "8:19:29 PDT"]
[Termination "youngKID won by resignation"]

1. d4 Nf6 2. c4 e6 3. Nc3 Bb4 4. f3 c5 5. a3 Bxc3+ 6. bxc3 Nc6 7. e4 d6 8. Ne2 b6 9. Ng3 e5 10. d5 Na5 11. Bd3 Kd7 12. O-O Kc7 13. f4 Nd7 14. f5 Ba6 15. Qe2 Nf6 16. Bg5 h6 17. Bh4 Qe8 18.
Bxf6 gxf6 19. Nh5 Qe7 20. g4 Rag8 21. h3 Rg5 22. Kf2 Rhg8 23. Rg1 Rh8 24. Rab1 Qd8 25. Rg3 Kd7 26. Rbg1 Ke7 27. Rb1 Qd7 28.
Rbg1 Qa4 29. h4 Rgg8 30. g5 hxg5 31. hxg5 fxg5 32. f6+ Kd8 33. Rxg5 Rxg5 34. Rxg5 Bxc4 35. Bxc4 Qxc4 36. Qg4 Qb5 37. Rg8+ Rxg8 38. Qxg8+ Qe8 39. Qh7 Nc4 40. Ng7 Qf8 41. a4 Nb2 42. Qh1 Kc7 43. Qa1 Nc4 44. Qf1 Na5 45. Qa6 Kb8 46. Nf5 Qd8 47.
Qb5 Qxf6 48. Qe8+ Kc7 49. Qa8 Nb7 50. Qxa7 Qg5 51. Qa8 Qf4+ 52. Kg1 Qxe4 53. Ne7 Qg4+ 54. Kf2 Qh4+ 55. Ke2 Qxe7 0-1

[Event "Early-Titled-Tuesday-Blitz-May-28-2024"]
[Site "Chess.com"]
[Date "2024.05.28"]
[Round "2"]
[White "Cayse"]
[Black "Orest_Vovk"]
[Result "1-0"]
[WhiteElo "2795"]
[BlackElo "2558"]
[TimeControl "180+1"]
[EndTime "8:19:29 PDT"]
[Termination "Cayse won by resignation"]

1. e4 g5 2. d4 g4 3. Nc3 Bg7 4. Be3 h5 5. Qd2 d6 6. O-O-O c6 7. h3 Qa5 8. Kb1 b5 9. f4 Nd7 10. hxg4 hxg4 11. Rxh8 Bxh8 12. Bd3 Nb6 13. Nce2 Qxd2 14. Bxd2 Nc4 15. Bc1 Nf6 16. Ng3 Bd7 17. N1e2 O-O-O 18. Rh1 Rg8 19. b3 Nb6 20. e5 Nfd5 21. Rh7 Rf8 22. Nf5 Kd8 23. exd6 Nc8 24. dxe7+ Ncxe7 25. Nd6 Be8 26. Bd2 Kd7 27. Nxe8 Kxe8 28. c4 bxc4 29. bxc4 Nf6 30. Rh4 Ng6 31. Rh1 Bg7 32. Kc2 Rh8 33.
Rxh8+ Bxh8 34. Bb4 Nh4 35. g3 Nf3 36. Bc5 a6 37. Bf5 Nh2 38. Bd6 Nh5 39. Kd3 Nf1 40. Bxg4 Nhxg3 41. Nxg3 Nxg3 42. Bc8 Kd8 43. Bxa6 Nf5 44. Bc5 Bg7 45. a4 Bh6 46. Bb6+ Kd7 47. a5 Nd6 48. c5 Nc8 49. Bb7 Bxf4 50. a6 Bb8 51. Bxc8+ Kxc8 52. a7 Bxa7 53. Bxa7 Kb7 54. Bb6 f5 55. Ke3 Ka6 56. Kf4 Kb5 57. Kxf5 Kc4 58. Ke5 1-0

[Event "Early-Titled-Tuesday-Blitz-May-28-2024"]
[Site "Chess.com"]
[Date "2024.05.28"]
[Round "2"]
[White "NajdorfPlayerc5"]
[Black "Budisavljevic"]
[Result "1/2-1/2"]
[WhiteElo "2452"]
[BlackElo "2737"]
[TimeControl "180+1"]
[EndTime "8:19:30 PDT"]
[Termination "Game drawn by repetition"]

1. d4 d5 2. c4 c6 3. Nf3 Nf6 4.
e3 e6 5. Nbd2 b6 6. Bd3 Bb7 7.
O-O Nbd7 8. b3 Be7 9. Bb2 O-O 10. Re1 c5 11. e4 cxd4 12. cxd5 exd5 13. e5 Ne4 14.
Nxe4 dxe4 15. Bxe4 Bxe4 16. Rxe4 Nc5 17. Rxd4 Qc8 18.
Rc1 Qf5 19. Qc2 Qh5 20. Ba3 h6 21. Bxc5 bxc5 22. Rd7 Rfe8 23. Qe4 Bf8 24. g4 Qh3 25. Rd3 h5 26. g5 Qg4+ 27. Qxg4 hxg4 28. Nh4 Rxe5 29. g6 Be7 30. gxf7+ Kxf7 31. Ng2 Rd8 32. Rxd8 Bxd8 33. Ne3 Bb6 34. Nc4 Re2 35. a4 Ke6 36. a5 Bc7 37. Kf1 Ra2 38. Rc3 Bxh2 39. Kg2 Bf4 40. Rd3 g3 41. Rf3 Rxf2+ 42. Rxf2 gxf2 43. Kxf2 Kd5 44. Kf3 Bc7 45. Ke3 g5 46. Kd3 g4 47.
Ne3+ Kc6 48. Nxg4 Bxa5 49. Kc4 Bb4 50. Ne5+ Kd6 51. Nd3 a5 52. Nb2 Kc6 53. Na4 Ba3 54. Nc3 Bb2 55. Na4 Bd4 56. Nc3 Bxc3 57. Kxc3 Kd5 58.
Kd3 Kd6 59. Kc4 Kc6 60. Kc3 Kb5 61. Kc2 Ka6 62. Kc3 Kb7 63. Kc4 Kb6 64. Kc3 Kb5 65.
Kc2 a4 66. bxa4+ Kxa4 67. Kc3 Kb5 68. Kb3 Kb6 69. Kc4 Kc6 70. Kc3 Kd6 71. Kc4 Kc6 72.
Kc3 Kd5 73. Kd3 c4+ 74. Kc3 Kc5 75. Kc2 Kb4 76. Kb2 c3+ 77. Kc2 Kc4 78. Kc1 Kd4 79. Kc2 Kc4 80. Kc1 Kb3 81. Kb1 Ka3 82. Kc2 Kb4 83. Kc1 Kb3 84. Kb1 Kc4 85. Kc2 Kd4 86.
Kc1 Kd3 87. Kd1 Kc4 88. Kc2 Kb4 89. Kc1 Kb3 1/2-1/2

[Event "Early-Titled-Tuesday-Blitz-May-28-2024"]
[Site "Chess.com"]
[Date "2024.05.28"]
[Round "2"]
[White "RedFirePanda"]
[Black "baki83"]
[Result "0-1"]
[WhiteElo "2429"]
[BlackElo "2910"]
[TimeControl "180+1"]
[EndTime "8:19:30 PDT"]
[Termination "baki83 won on time"]

1. d4 d5 2. Bf4 Nf6 3. e3 b6 4. Nd2 Bb7 5. Ngf3 e6 6. h3 Nbd7 7. c3 Ne4 8. Nxe4 dxe4 9. Nd2 Bd6 10. Bxd6 cxd6 11. Bc4 Qc7 12. O-O O-O 13. Qg4 d5 14.
Bb3 f5 15. Qe2 f4 16. f3 fxe3 17. Qxe3 Qg3 18. Rae1 Qg6 19. fxe4 Rxf1+ 20. Kxf1 dxe4 21. Nxe4 Rf8+ 22. Kg1 Kh8 23. Qe2 Bc6 24. Nd2 e5 25. d5 Bb7 26. Nf3 Re8 27. Qe4 Qh6 28. Ba4 Nc5 29. Qc4 Rf8 30. Nxe5 Qf6 31. Nf3 Nxa4 32.
Qxa4 Bxd5 33. Qd4 Qc6 34. Ne5 Qb7 35. Re2 Bxa2 36. c4 Bb3 37. Nd7 Rg8 38. Re7 Bc2 39.
Qd6 Qc8 40. Qe5 Qxc4 41. Nf6 Rf8 42. Nh5 Rg8 43. Nxg7 Qc5+ 44. Qxc5 bxc5 45. Ne6 c4 46. Nd4 a5 47. Nxc2 Rb8 48. Na3 Rb4 49. Re4 c3 50. Rxb4 axb4 51. Nc4 c2 52. Kf2 c1=Q 53. Ne3 Qxb2+ 54.
Kf3 b3 0-1

[Event "Early-Titled-Tuesday-Blitz-May-28-2024"]
[Site "Chess.com"]
[Date "2024.05.28"]
[Round "2"]
[White "Quattroporte300"]
[Black "Mackster23"]
[Result "0-1"]
[WhiteElo "2390"]
[BlackElo "2679"]
[TimeControl "180+1"]
[EndTime "8:19:30 PDT"]
[Termination "Mackster23 won on time"]

1. e4 g6 2. d4 Bg7 3. Nf3 d6 4. Bc4 a6 5. a4 e6 6. Qe2 Ne7 7. Nc3 O-O 8. Bg5 Nbc6 9. Rd1 h6 10. Bc1 d5 11. Ba2 g5 12. h3 Kh8 13. O-O f5 14. e5 f4 15. Rd3 Nb4 16. Rdd1 Nxa2 17. Nxa2 Bd7 18. Nc3 Be8 19. Nh2 h5 20. g4 hxg4 21.
hxg4 Bg6 22. Nf3 Nc6 23. Kg2 Nb4 24. Rd2 Rc8 25. Rh1+ Kg8 26. b3 b6 27. Ba3 c5 28.
Bxb4 cxb4 29. Na2 a5 30. Nc1 Rc3 31. Nd3 Qe7 32. Rhd1 Rfc8 33. Kg1 Kf7 34. Kg2 Be4 35. Kg1 Kg6 36. Nfe1 Kf7 37. f3 Bg6 38. Kg2 Qc7 39. Kf2 Ke7 40. Qf1 Rh8 41. Qg2 Qa7 42. Kg1 Bf8 43. Qf2 Ke8 44. Ng2 Qh7 45. Kf1 Qh1+ 46.
Ke2 Qh3 47. Rf1 Be7 48. Nge1 Qh7 49. Rg1 Bd8 50. Ng2 Qc7 51. Rgd1 Rh3 52. Nge1 Qh7 53. Qg2 Rh2 0-1

[Event "Early-Titled-Tuesday-Blitz-May-28-2024"]
[Site "Chess.com"]
[Date "2024.05.28"]
[Round "2"]
[White "David_ATM"]
[Black "elcala"]
[Result "1-0"]
[WhiteElo "2441"]
[BlackElo "2008"]
[TimeControl "180+1"]
[EndTime "8:19:31 PDT"]
[Termination "David_ATM won by resignation"]

1. e4 d5 2. exd5 Qxd5 3. Qf3 Qd6 4. Qd3 Qxd3 5. Bxd3 Nc6 6. c3 Nf6 7. Nf3 Bg4 8. Bb5 Bd7 9. d4 O-O-O 10. O-O e6 11. Bg5 Be7 12. Nbd2 Nd5 13. Bxe7 Ndxe7 14. Ne4 f6 15. Nc5 a6 16. Bc4 e5 17. Nxd7 Kxd7 18. dxe5 Nxe5 19. Rad1+ Kc8 20. Nxe5 fxe5 21. Rfe1 Nc6 22.
Bd5 Rhe8 23. Bxc6 bxc6 24. Rxd8+ Kxd8 25. f3 Kd7 26. Kf2 Kd6 27. Ke3 Rb8 28. b3 c5 29. c4 a5 30. Kd3 a4 31. Kc3 axb3 32.
axb3 Ra8 33. Rd1+ Ke6 34. Rd5 Ra5 35. g3 c6 36. Rd2 Ra3 37. Re2 Kd6 38. Kb2 Ra7 39.
Re4 Rf7 40. Re3 Rf6 41. Kc3 Rh6 42. h4 Rg6 43. g4 Rf6 44. Kd3 Rf4 45. Ke2 Rd4 46.
Rc3 Rf4 47. Ke3 Rd4 48. Rc1 Rf4 49. Ra1 h6 50. Ra7 g6 51. Rg7 Rf6 52. Ke4 Rf4+ 53.
Ke3 Rf6 54. Rh7 e4 55. fxe4 g5 56. hxg5 hxg5 57. Rg7 1-0

[Event "Early-Titled-Tuesday-Blitz-May-28-2024"]
[Site "Chess.com"]
[Date "2024.05.28"]
[Round "2"]
[White "BogdanDeac"]
[Black "FoggyMorning"]
[Result "1-0"]
[WhiteElo "3128"]
[BlackElo "2646"]
[TimeControl "180+1"]
[EndTime "8:19:32 PDT"]
[Termination "BogdanDeac won by resignation"]

1. d4 Nf6 2. Nf3 d5 3. Bf4 c5 4.
e3 Nc6 5. c3 Qb6 6. Qc2 g6 7.
Nbd2 Bg7 8. Be2 O-O 9. O-O cxd4 10. exd4 Bf5 11. Qb3 Rfc8 12. Qxb6 axb6 13. Rfe1 Ne4 14.
Nxe4 Bxe4 15. Nd2 Bf5 16. Nf1 Ra5 17. Ne3 Be6 18. Bf3 h6 19. h4 Nb8 20. b4 Ra3 21. Nxd5 Bxd5 22. Bxd5 Nc6 23. Bd2 e6 24. Bb3 Ne7 25.
Rac1 Kf8 26. g3 b5 27. Kg2 h5 28. Rc2 Nd5 29. Rec1 Bf6 30. c4 bxc4 31. Rxc4 Rxc4 32.
Rxc4 Ke7 33. b5 Kd7 34. Kf3 Ra8 35. Ke4 Nb6 36. Rc2 Be7 37. Bf4 Bd6 38. Be5 Ra5 39. Bf4 Rxb5 40. Bd2 Bb4 41. a4 Bxd2 42. axb5 Ba5 43. d5 exd5+ 44. Bxd5 f5+ 45. Kd4 Bb4 46. Bxb7 Be7 47. Bf3 Bf6+ 48. Kc5 Nc8 49. b6 Be5 50. b7 Ne7 51. Rd2+ Kc7 52. Re2 Bd6+ 53. Kb5 Ng8 54.
Re6 Ne7 55. Rxd6 Kxd6 56. b8=Q+ Kd7 57. Qb6 1-0

[Event "Early-Titled-Tuesday-Blitz-May-28-2024"]
[Site "Chess.com"]
[Date "2024.05.28"]
[Round "2"]
[White "ATM622"]
[Black "Alex_Sahakyan2006"]
[Result "0-1"]
[WhiteElo "2579"]
[BlackElo "2861"]
[TimeControl "180+1"]
[EndTime "8:19:35 PDT"]
[Termination "Alex_Sahakyan2006 won by checkmate"]

1. d4 Nf6 2. c4 g6 3. g3 Bg7 4. Bg2 O-O 5. Nf3 d6 6. O-O Nc6 7. Nc3 a6 8. Qc2 Bg4 9. Rd1 Nd7 10. d5 Bxf3 11. Bxf3 Nd4 12. Qb1 Nxf3+ 13. exf3 c6 14.
f4 cxd5 15. Nxd5 Rc8 16. Ne3 Nb6 17. Qd3 Qc7 18. Bd2 Nxc4 19. Rac1 Nxb2 20. Qb3 Qd7 21. Rxc8 Rxc8 22. Rb1 Na4 23. Qxb7 Qxb7 24. Rxb7 e6 25. Ra7 Nc5 26. Kg2 Bd4 27. Kf3 Nb3 28. Rxa6 Nxd2+ 29. Ke2 Ne4 30. f3 Bxe3 31. Kxe3 Nc5 32. Rxd6 Ra8 33.
Rd2 Ra4 34. Rc2 Na6 35. Rb2 Nb4 36. g4 Nxa2 37. h4 Nb4 38. f5 Nd5+ 39. Kf2 gxf5 40. gxf5 exf5 41. Rb5 Ne7 42. Rb7 Ng6 43. h5 Nf8 44.
Rb5 f4 45. Rg5+ Kh8 46. Rf5 Kg7 47. Rg5+ Kf6 48. Rg8 Ne6 49. Kg2 Ra5 50. Kf2 Rxh5 51. Ra8 Rh2+ 52. Kg1 Rb2 53. Ra4 h5 54. Kh1 h4 55. Kg1 h3 56. Kh1 Kg5 57. Ra5+ Kh4 58. Ra1 Nd4 59. Rf1 Kg3 60. Rg1+ Rg2 61. Rf1 Rh2+ 62.
Kg1 Ne2# 0-1

[Event "Early-Titled-Tuesday-Blitz-May-28-2024"]
[Site "Chess.com"]
[Date "2024.05.28"]
[Round "2"]
[White "FMalexhdez"]
[Black "Kotofeyca"]
[Result "0-1"]
[WhiteElo "2271"]
[BlackElo "2511"]
[TimeControl "180+1"]
[EndTime "8:19:35 PDT"]
[Termination "Kotofeyca won on time"]

1. e4 c5 2. Nf3 d6 3. Bb5+ Bd7 4. Bxd7+ Qxd7 5. O-O Nf6 6. Nc3 Nc6 7. d4 cxd4 8.
Nxd4 e6 9. Be3 Be7 10. f4 O-O 11. Kh1 a6 12. g4 d5 13. e5 Ne4 14. Nxe4 dxe4 15. c3 Rad8 16. Qe2 Nxd4 17. Bxd4 Qc6 18.
Rae1 f5 19. exf6 Bxf6 20. Qxe4 Bxd4 21. cxd4 Rxd4 22. Qxc6 bxc6 23. Rxe6 c5 24. Rxa6 Rfxf4 25. Rxf4 Rxf4 26. Rc6 Rf2 27. Rb6 c4 28. a3 Rc2 29. a4 c3 30. bxc3 Rxc3 31. a5 Ra3 32.
Ra6 Ra2 33. Ra7 h6 34. a6 Kh7 35. h3 Kg6 36. Kg1 Kf6 37. Kf1 g6 38. Ra8 Kg5 39. a7 Kh4 40. Rh8 Rxa7 41. Rxh6+ Kg5 42. Rh8 Ra2 43.
Kg1 Kf4 44. Rg8 Kg3 45. Kf1 Ra1+ 46. Ke2 Ra6 47. Ke3 Re6+ 48. Kd4 Kxh3 49. Kd5 Ra6 50. g5 Kg4 51. Ke4 Re6+ 52. Kd3 Kxg5 53. Ra8 Kf4 54.
Ra4+ Kg3 55. Rc4 g5 0-1

[Event "Early-Titled-Tuesday-Blitz-May-28-2024"]
[Site "Chess.com"]
[Date "2024.05.28"]
[Round "2"]
[White "simaopdias"]
[Black "AwareIdea"]
[Result "1-0"]
[WhiteElo "2241"]
[BlackElo "2477"]
[TimeControl "180+1"]
[EndTime "8:19:38 PDT"]
[Termination "simaopdias won on time"]

1. e4 e5 2. Nf3 Nc6 3. Bc4 Bc5 4.
c3 Nf6 5. d3 a6 6. Bb3 Ba7 7.
Nbd2 d6 8. O-O Bg4 9. h3 Be6 10. Re1 O-O 11. Nf1 h6 12. N3h2 Nd7 13. Ng3 Nc5 14.
Bc2 Nd7 15. Bb3 Nc5 16. Bc2 Nd7 17. Qf3 Qf6 18. Be3 Qxf3 19. Nxf3 Bxe3 20. Rxe3 f6 21.
Nh4 d5 22. Nhf5 Rfe8 23. Bb3 dxe4 24. Bxe6+ Rxe6 25. Nxe4 Rd8 26. Rd1 Ne7 27. Neg3 Nd5 28. Rf3 Kh7 29. Re1 Rde8 30. Ne4 g6 31. Ne3 Nxe3 32.
Rfxe3 Kg7 33. Kf1 Kf7 34. Nd2 Rd8 35. Nb3 c5 36. Re4 Rd6 37. R4e3 b6 38. Nd2 Nf8 39. Ke2 b5 40. Ne4 Rc6 41. Rf3 f5 42. Nd2 Rcd6 43. Nb3 c4 44. dxc4 bxc4 45. Na5 e4 46.
Rf4 Rd2+ 47. Kf1 Rxb2 48. Nxc4 Rxa2 49. g4 Ne6 50. Rexe4 Nxf4 51. Rxf4 Kf6 52. gxf5 g5 53. Rf3 Ra4 54. Ne3 h5 55. Kg2 Re4 56. c4 a5 57. Nd5+ Ke5 58. f6 Rxc4 59. Ne7 1-0

[Event "Early-Titled-Tuesday-Blitz-May-28-2024"]
[Site "Chess.com"]
[Date "2024.05.28"]
[Round "2"]
[White "CrushingKings"]
[Black "LuisFSiles"]
[Result "1-0"]
[WhiteElo "2603"]
[BlackElo "2373"]
[TimeControl "180+1"]
[EndTime "8:19:40 PDT"]
[Termination "CrushingKings won on time"]

1. Nf3 Nf6 2. g3 g6 3. b3 Bg7 4. Bb2 O-O 5. Bg2 c5 6. c4 Nc6 7. O-O d6 8. d4 cxd4 9. Nxd4 Bd7 10. Nc3 Nxd4 11. Qxd4 Bc6 12. Nd5 Ne8 13. Qd2 Bxb2 14. Qxb2 e6 15. Nc3 Bxg2 16. Kxg2 Qf6 17. Rad1 Rd8 18. Rd3 Nc7 19. Qa3 d5 20. cxd5 Nxd5 21. Nxd5 exd5 22. Qxa7 Qc6 23. Qd4 Rfe8 24. Rc3 Qa6 25.
e3 Qxa2 26. b4 Rc8 27. Rfc1 Rxc3 28. Rxc3 Qb2 29. Rc5 Qxd4 30. exd4 Rd8 31. Rc7 Re8 32. Rd7 Re2 33. Rxd5 Rb2 34. Rb5 Rd2 35. d5 Kg7 36. Kf3 Kf6 37. Ke3 Rd1 38. Rb6+ Ke5 39. Rxb7 Rxd5 40.
Rxf7 h5 41. Re7+ Kf6 42. Re4 g5 43. Rc4 Rb5 44. Rc6+ Kf7 45. Rc5 Rxb4 46. Rxg5 h4 47.
Rh5 hxg3 48. hxg3 Kg6 49. Rh1 Rb3+ 50. Kf4 Rb4+ 51. Kf3 Rb3+ 52. Kg2 Rc3 53. Rb1 Ra3 54. Rb5 Rc3 55. g4 Ra3 56. f3 Rc3 57. Kg3 Ra3 58. Re5 Rb3 59. Kf4 Rb4+ 60. Re4 Rb3 61. Ra4 Rc3 62. Ra6+ Kf7 63. g5 Kg7 64. Kg4 Rc1 65.
f4 Rc5 66. f5 Rc1 67. Ra7+ Kg8 68. g6 1-0

[Event "Early-Titled-Tuesday-Blitz-May-28-2024"]
[Site "Chess.com"]
[Date "2024.05.28"]
[Round "2"]
[White "Kielinkei"]
[Black "Navyblue1"]
[Result "0-1"]
[WhiteElo "2485"]
[BlackElo "2251"]
[TimeControl "180+1"]
[EndTime "8:19:40 PDT"]
[Termination "Navyblue1 won by checkmate"]

1. c4 Nf6 2. g3 g6 3. Bg2 Bg7 4.
Nf3 c5 5. O-O O-O 6. d4 cxd4 7.
Nxd4 Nc6 8. Nc3 Qb6 9. Nb3 d6 10.
Be3 Qd8 11. Rc1 Ng4 12. Bd2 Nge5 13. Nb5 a6 14. N5d4 Nxd4 15. Nxd4 Qb6 16. Nb3 Nc6 17. Bc3 Bxc3 18. Rxc3 Bg4 19. h3 Be6 20. Qd2 Rad8 21.
Rfc1 a5 22. e3 a4 23. Nd4 Bd7 24. c5 dxc5 25. Rxc5 Nxd4 26. exd4 Rc8 27. Qe2 e6 28. Kh2 Rxc5 29. dxc5 Qb4 30. Rc4 Qb5 31. Qc2 Rc8 32. Qc3 Bc6 33. Bf1 Bd5 34. b4 Bxc4 35.
Bxc4 Qd7 36. a3 Qd1 37. Kg2 Rd8 38. Qe5 Qd4 39. Qe2 Qc3 40. Bb5 Qxa3 41. c6 bxc6 42.
Bxc6 Qxb4 43. Bf3 Qa5 44. h4 a3 45. h5 a2 46. h6 a1=Q 47. Bg4 Q1c3 48. Bf3 Qd2 49.
Qe5 Qd4 50. Qe2 Qac5 51. Qe1 Qcd6 52. Qe2 e5 53. Qf1 e4 54. Bg4 Q4e5 55. Qe2 f5 56. Bh3 Qdd5 57. Qc2 e3+ 58. Kh2 e2 59. Kg1 e1=Q+ 60. Kh2 Qdh1# 0-1

[Event "Early-Titled-Tuesday-Blitz-May-28-2024"]
[Site "Chess.com"]
[Date "2024.05.28"]
[Round "2"]
[White "vladislavkovalev"]
[Black "AldokhinIvan"]
[Result "1-0"]
[WhiteElo "2914"]
[BlackElo "2607"]
[TimeControl "180+1"]
[EndTime "8:19:41 PDT"]
[Termination "vladislavkovalev won by resignation"]

1. e4 c5 2. Nf3 e6 3. c3 Nf6 4. e5 Nd5 5. d4 cxd4 6. cxd4 d6 7.
Bc4 Nc6 8. O-O Be7 9. Qe2 O-O 10. Rd1 Bd7 11. a3 a6 12. Nbd2 b5 13. Ba2 Qb8 14. Nf1 b4 15. Bd2 Qb6 16. Ng3 b3 17. Bb1 Nxd4 18. Nxd4 Qxd4 19. Bg5 Qxd1+ 20. Qxd1 Bxg5 21. exd6 Rfd8 22. Ne4 Bf4 23. Qxb3 Rab8 24. Qa2 f5 25. Nc3 Bc6 26. Bd3 Rxd6 27. Bc4 Nxc3 28. bxc3 Kh8 29. Qe2 Rbd8 30. Re1 Bg5 31. h3 Rd2 32. Qxe6 Ba4 33. Qxf5 Bf6 34. Be6 h6 35. Qg6 Bc2 36. Bf5 Bxf5 37.
Qxf5 R2d3 38. Re8+ Rxe8 39. Qxd3 Rc8 40. Qxa6 Rd8 41.
g3 Bxc3 42. Qc4 Bf6 43. a4 Ra8 44. Qc6 Ra7 45. Qc8+ Kh7 46. Qc2+ Kh8 47. Qc8+ Kh7 48. Qc5 Rxa4 49. Qc2+ Kh8 50. Qxa4 Kh7 51. Kg2 Kh8 52.
Qc2 1-0

[Event "Early-Titled-Tuesday-Blitz-May-28-2024"]
[Site "Chess.com"]
[Date "2024.05.28"]
[Round "2"]
[White "1stSecond"]
[Black "karinachess1"]
[Result "1-0"]
[WhiteElo "2911"]
[BlackElo "2605"]
[TimeControl "180+1"]
[EndTime "8:19:41 PDT"]
[Termination "1stSecond won by resignation"]

1. d4 Nf6 2. Bg5 d5 3. Bxf6 exf6 4. e3 c6 5. Nd2 Bd6 6. Bd3 O-O 7.
Qf3 Re8 8. Ne2 Nd7 9. g4 Nf8 10. h4 Be6 11. O-O-O c5 12. dxc5 Bxc5 13. Nb3 Bd6 14.
Nc3 Be5 15. Nd4 a6 16. Kb1 Rc8 17. Nce2 Qb6 18. g5 Rc7 19. Rhg1 Kh8 20. Rg2 Rec8 21. Rdg1 f5 22. c3 g6 23. h5 Qd6 24. Rh1 b5 25. Qh3 b4 26. f4 Bxd4 27. cxd4 a5 28. Rgh2 a4 29. Qf1 a3 30. b3 Qc6 31. Qe1 Qd6 32. Qd2 Rc6 33. Rd1 R6c7 34. Ng1 Rc3 35. Ne2 R3c7 36. Rhh1 Rc6 37. Bb5 R6c7 38. h6 Rb8 39. Bd3 Nd7 40. Rc1 Rbc8 41. Rxc7 Rxc7 42. Rc1 Rxc1+ 43.
Nxc1 Nb8 44. Bb5 Bd7 45. Qe2 Kg8 46. Bxd7 Nxd7 47. Nd3 Kf8 48. Qd2 Ke7 49. Qxb4 Nb6 50. Kc1 Nc8 51. Qc5 Qxc5+ 52. dxc5 Kd7 53. b4 Ke6 54.
Ne5 Na7 55. Nf3 Nc6 56. Nd4+ Kd7 57. Nxc6 Kxc6 58. Kc2 d4 59. exd4 1-0

[Event "Early-Titled-Tuesday-Blitz-May-28-2024"]
[Site "Chess.com"]
[Date "2024.05.28"]
[Round "2"]
[White "Andrii_Prydun"]
[Black "Peng_Li-Min"]
[Result "0-1"]
[WhiteElo "2416"]
[BlackElo "2783"]
[TimeControl "180+1"]
[EndTime "8:19:41 PDT"]
[Termination "Peng_Li-Min won on time"]

1. e4 Nc6 2. d4 d5 3. e5 f6 4. Bb5 Bf5 5. Nc3 e6 6. Nf3 Qd7 7. O-O Nge7 8. Re1 a6 9. Bd3 Bxd3 10. cxd3 fxe5 11. dxe5 Nf5 12. Ne2 Be7 13. d4 O-O 14.
Be3 h6 15. Rc1 Rf7 16. Qd3 Raf8 17. Nd2 Nb4 18. Qb3 Nxe3 19. fxe3 c5 20. dxc5 Nc6 21. Nd4 Nxe5 22. Qb6 Nd3 23. Qxe6 Qxe6 24. Nxe6 Rc8 25. b4 Nxe1 26. Rxe1 Bf6 27. Rc1 Re7 28. Nf4 Rd8 29.
Kf2 d4 30. e4 Bg5 31. g3 Rf8 32. Kf3 Ref7 33. Rc4 Bxf4 34. gxf4 Rxf4+ 35. Ke2 Rf2+ 36. Kd3 Rd8 37. h4 Rh2 38. a4 Rh3+ 39. Kc2 Rxh4 40.
b5 axb5 41. axb5 Rh5 42. Kd3 Rh3+ 43. Kc2 Rc3+ 44. Rxc3 dxc3 45. Nc4 g5 46. Nd6 g4 47. Nf5 h5 48. Kxc3 Kf7 49. c6 bxc6 50. bxc6 Ke6 51. Kc4 Ke5 52. Kc5 Kxe4 53. Ng3+ Kf3 54. Nxh5 Rh8 55.
Ng7 g3 56. Nf5 g2 57. Nd4+ Ke4 0-1

[Event "Early-Titled-Tuesday-Blitz-May-28-2024"]
[Site "Chess.com"]
[Date "2024.05.28"]
[Round "2"]
[White "MITerryble"]
[Black "Alexchess1984"]
[Result "1-0"]
[WhiteElo "3021"]
[BlackElo "2630"]
[TimeControl "180+1"]
[EndTime "8:19:42 PDT"]
[Termination "MITerryble won by resignation"]

1. c4 e6 2. g3 f5 3. Bg2 Nf6 4. d3 c6 5. e4 d5 6. cxd5 exd5 7. e5 Bb4+ 8. Bd2 Bxd2+ 9. Qxd2 Qe7 10. d4 Ne4 11. Qa5 b6 12. Qa3 c5 13. f3 Ng5 14.
Nc3 Be6 15. Nge2 Nc6 16. O-O cxd4 17. Nb5 Qxa3 18. bxa3 O-O-O 19. Nexd4 Nxd4 20. Nxd4 Rhe8 21. a4 Bd7 22. a5 g6 23. Rab1 Kb7 24. Rb4 Ne6 25. f4 Nxd4 26. Rxd4 Be6 27. Rfd1 Kc6 28. Rc1+ Kb7 29. Rb4 Rc8 30. Rcb1 Rc6 31. Rb5 Rd8 32. a4 Kc7 33. axb6+ Rxb6 34. Rc5+ Kb8 35. Rcb5 Kc7 36. Kf2 d4 37. Rc1+ Kb8 38. Rxb6+ axb6 39. Rc6 Bd7 40. Rxb6+ Kc7 41. a5 Bc8 42. Ke2 d3+ 43. Kd2 Rd4 44. Rc6+ Kd7 45. Rd6+ Rxd6 46. exd6 Ba6 47. Bf1 Kxd6 48. Bxd3 Bc8 49. Kc3 Kc5 50. a6 Kb6 51. Kd4 Bd7 52. Ke5 Bc8 53. Kf6 Kc5 54. Kg7 Kd4 55. Bb5 Bxa6 56. Bxa6 g5 57. fxg5 f4 58.
gxf4 1-0

[Event "Early-Titled-Tuesday-Blitz-May-28-2024"]
[Site "Chess.com"]
[Date "2024.05.28"]
[Round "2"]
[White "MNyuyu"]
[Black "Logman74"]
[Result "0-1"]
[WhiteElo "2296"]
[BlackElo "2519"]
[TimeControl "180+1"]
[EndTime "8:19:42 PDT"]
[Termination "Logman74 won on time"]

1. d4 Nf6 2. Nf3 g6 3. Bf4 d5 4. e3 c6 5. Nbd2 Bg7 6. Bd3 O-O 7. h3 Nbd7 8. O-O h6 9. Bh2 Nh7 10. c3 Re8 11. Qc2 e5 12. dxe5 Nxe5 13. Nxe5 Bxe5 14. Bxe5 Rxe5 15. Nf3 Re8 16. Rad1 Qf6 17. Nh2 h5 18. Rfe1 Ng5 19. h4 Ne6 20. g3 Nc5 21.
Bf1 Bf5 22. Qd2 Rad8 23. Qd4 Qe7 24. Bg2 Be4 25. Nf3 a6 26. Ng5 Bxg2 27. Kxg2 Ne6 28.
Nxe6 Qxe6 29. Qf4 Re7 30. Rd4 Rde8 31. Red1 Qc8 32. c4 Re4 33. Qf3 Rxd4 34. Rxd4 dxc4 35.
Rxc4 Qe6 36. Rd4 Qxa2 37. Rd7 Qb3 38. Qf6 a5 39. g4 Qc4 40. gxh5 Qg4+ 41. Kf1 Qxd7 42. h6 Qd1+ 43. Kg2 Qd5+ 44. Kf1 Qe5 45. h7+ Kxh7 46. Qxf7+ Kh6 47. h5 Qe6 48. Qf4+ g5 49. Qc7 Re7 50. Qb8 Qc4+ 51. Ke1 Qc1+ 52. Ke2 Qxb2+ 53. Kf1 Qf6 54. Qd8 a4 55. Qa5 Rf7 56.
f4 b5 57. Ke2 gxf4 58. e4 f3+ 59. Kf1 f2 60. Qd2+ Qf4 61. Qd6+ Qxd6 0-1

[Event "Early-Titled-Tuesday-Blitz-May-28-2024"]
[Site "Chess.com"]
[Date "2024.05.28"]
[Round "2"]
[White "Herzog2012"]
[Black "Nitzan_Steinberg"]
[Result "0-1"]
[WhiteElo "2604"]
[BlackElo "2908"]
[TimeControl "180+1"]
[EndTime "8:19:43 PDT"]
[Termination "Nitzan_Steinberg won on time"]

1. e4 e5 2. Nc3 Nc6 3. g3 Nf6 4. Bg2 Bc5 5. Nge2 d6 6. O-O a6 7.
d3 O-O 8. h3 b5 9. Kh2 b4 10.
Nd5 Nxd5 11. exd5 Nd4 12. Be3 Re8 13. Nxd4 exd4 14. Bd2 Qf6 15. a3 Rb8 16. axb4 Bxb4 17. Bxb4 Rxb4 18. b3 Rb5 19. Qd2 h6 20. Rfe1 Re5 21.
f4 Rxe1 22. Rxe1 Bd7 23. Qe2 Rb8 24. Qe7 Re8 25. Qxf6 gxf6 26. Re4 Rxe4 27. dxe4 a5 28. Bf1 f5 29. e5 Kf8 30. Kg1 Ke7 31. Kf2 a4 32. bxa4 Bxa4 33. Bd3 Bd7 34. Kf3 c6 35. dxc6 Bxc6+ 36. Kf2 dxe5 37. Bxf5 e4 38. Ke2 Kd6 39. Kd2 Kd5 40. Bh7 Bb5 41. Bg8 Ke6 42.
Ke1 e3 43. Kd1 Ke7 44. h4 f5 45. Bh7 Kf6 46. Bg8 Bc6 47. Ke1 Be4 48. Bb3 Ke7 49.
Ke2 Kd6 50. c3 dxc3 51. Kxe3 Kc5 52. Ke2 Kd4 53. Ba4 Bd3+ 54. Ke1 Ke3 55. Kd1 Kf2 0-1

[Event "Early-Titled-Tuesday-Blitz-May-28-2024"]
[Site "Chess.com"]
[Date "2024.05.28"]
[Round "2"]
[White "Shushik"]
[Black "OhanyanEminChess"]
[Result "0-1"]
[WhiteElo "2568"]
[BlackElo "2822"]
[TimeControl "180+1"]
[EndTime "8:19:43 PDT"]
[Termination "OhanyanEminChess won by resignation"]

1. e4 e5 2. Nf3 Nc6 3. Bc4 Nf6 4. d3 d5 5. exd5 Nxd5 6. O-O Bc5 7.
Re1 Be6 8. c3 O-O 9. h3 f6 10.
d4 Bb6 11. Nbd2 Qd7 12. dxe5 fxe5 13. Ne4 h6 14. Be3 Rad8 15. Nc5 Qc8 16. Nxe6 Qxe6 17.
Bxb6 axb6 18. Qe2 Na5 19. Qxe5 Qxe5 20. Nxe5 Nxc4 21. Nxc4 Nf4 22. Rad1 b5 23. Ne3 Nd3 24. Re2 Nc5 25. Red2 Ra8 26. a3 c6 27. f3 Rae8 28.
Ng4 h5 29. Nf2 Rf7 30. Rd8 Rxd8 31. Rxd8+ Kh7 32. Nd3 Na4 33. Kf2 Re7 34. Rd4 c5 35.
Rd5 c4 36. Rxh5+ Kg8 37. Nf4 Nxb2 38. Rxb5 Nd1+ 39. Kg3 Nxc3 40. Rc5 b5 41. Ng6 Ra7 42. Rc8+ Kf7 43. Ne5+ Ke6 44. Nc6 Rxa3 45. Nd4+ Kd5 46.
Rd8+ Ke5 47. f4+ Ke4 48. Kg4 Nd5 49. Ne6 Nf6+ 50. Kg5 Rg3+ 51. Kh4 Rxg2 52. Ng5+ Kxf4 53. Rd4+ Kf5 54. Nf3 c3 55. Rb4 c2 56. Rxb5+ Kf4 57.
Ne1 g5+ 0-1